 Dungeon Crawl Stone Soup version 0.31.0-11-ge490571c62 (webtiles) character file.

Game seed: 15633287417013798974

329 Ashen the Sneak (level 6, -2/44 HPs)
             Began as a Gnoll Enchanter on Feb 3, 2024.
             Was a Follower of Uskayaw.
             Slain by a gnoll
             ... wielding a +0 halberd
              (4 damage)
             ... on level 3 of the Dungeon.
             The game lasted 00:07:14 (1708 turns).

Ashen the Sneak (Gnoll Enchanter)                   Turns: 1708, Time: 00:07:15

Health: -2/44      AC:  3    Str:  7    XL:     6   Next: 50%
Magic:  5/14       EV: 14    Int: 14    God:    Uskayaw [*.....]
Gold:   65         SH:  0    Dex: 15    Spells: 5/15 levels left

rFire   + . .        k - +0 short sword (elec)
rCold   . . .        (no shield)
rNeg    . . .        b - +0 robe
rPois   .            e - +0 helmet
rElec   .            (no cloak)
rCorr   .            (no gloves)
SInv    .            (no boots)
Will    .....        (no amulet)
Stlth   +++          f - ring of protection from fire
HPRegen 0.27/turn    (no ring)
MPRegen 0.14/turn

%: no passive effects
@: invisible
A: fangs 1, strong nose, distributed training
a: Renounce Religion, Stomp


You were on level 3 of the Dungeon.
You worshipped Uskayaw.
Uskayaw was noncommittal.
You visited 1 branch of the dungeon, and saw 3 of its levels.

You collected 65 gold pieces.

Inventory:

Hand Weapons
 a - a +1 dagger
 k - a +0 short sword of electrocution (weapon)
Armour
 b - a +0 robe (worn)
 e - a +0 helmet (worn)
 i - a +0 buckler
Jewellery
 f - a ring of protection from fire (left hand)
Scrolls
 d - a scroll of amnesia {unknown}
 h - a scroll of vulnerability {unknown}
 m - a scroll of poison {unknown}
 n - 3 scrolls of noise {unknown}
Potions
 c - a potion of invisibility
 g - 2 potions of brilliance {unknown}
 j - a potion of ambrosia {unknown}
 l - a potion of attraction {unknown}


   Skills:
 + Level 2.1 Fighting
 + Level 3.3 Short Blades
 + Level 2.1 Long Blades
 + Level 2.1 Axes
 + Level 2.1 Maces & Flails
 + Level 2.1 Polearms
 + Level 2.1 Staves
 + Level 2.1 Ranged Weapons
 + Level 2.1 Throwing
 + Level 2.1 Armour
 + Level 5.0 Dodging
 + Level 6.3 Stealth
 + Level 2.1 Shields
 + Level 2.1 Unarmed Combat
 + Level 5.4 Spellcasting
 + Level 1.6 Conjurations
 + Level 5.7 Hexes
 + Level 1.6 Summonings
 + Level 1.6 Necromancy
 + Level 1.6 Translocations
 + Level 1.6 Fire Magic
 + Level 1.6 Ice Magic
 + Level 1.6 Air Magic
 + Level 1.6 Earth Magic
 + Level 1.6 Alchemy
 + Level 2.3 Invocations
 + Level 2.1 Evocations
 + Level 1.9 Shapeshifting


You had 5 spell levels left.
You knew the following spells:

 Your Spells              Type           Power      Damage    Failure   Level
a - Ensorcelled Hibernat  Hex/Ice        28%        N/A       5%          2
b - Confusing Touch       Hex            19%        N/A       4%          3
c - Tukima's Dance        Hex            19%        N/A       4%          3
d - Blink                 Tloc           16%        N/A       13%         2

Your spell library contained the following spells:

 Spells                   Type           Power      Damage    Failure   Level
 Magic Dart               Conj           32%        1d4       9%          1
 Dazzling Flash           Conj/Hex       28%        N/A       11%         3
 Call Imp                 Summ           16%        N/A       13%         2


Dungeon Overview and Level Annotations

Branches:
Dungeon (3/15)

Altars:
Hepliaklqana
Uskayaw


Innate Abilities, Weirdness & Mutations

You have very sharp teeth.
Your uncanny sense of smell can sniff out nearby items.
Your experience applies equally to all skills.


Message History

Aim: a gnoll, wielding a +0 halberd (chance to affect: 56%)
The gnoll looks drowsy...
The gnoll hits you from afar with a +0 spear!
The gnoll shouts!
Casting: Ensorcelled Hibernation (safe; 5% risk of failure)
Confirm with . or Enter, or press ? or * to list all spells.
Aiming: Tukima's Dance (dangerous; 4% risk of failure)
Press: ? - help, Shift-Dir - straight line, f/p - gnoll
Aim: a gnoll, wielding a +0 halberd (chance to affect: 61%)
Okay, then.
The gnoll hits you from afar with a +0 halberd!
* * * LOW HITPOINT WARNING * * *
Casting: Tukima's Dance (dangerous; 4% risk of failure)
Confirm with . or Enter, or press ? or * to list all spells.
You blink.
The gnoll barely misses you.
The gnoll hits you from afar with a +0 spear.
* * * LOW HITPOINT WARNING * * *
Your magical contamination has completely faded away.
The gnoll barely misses you.
You fade into invisibility!
The gnoll closely misses you. The gnoll closely misses you.
You closely miss the gnoll. You hit the gnoll.
The gnoll is moderately wounded.
You feel ready to blink again. The gnoll misses you.
You hit the gnoll.
The gnoll is moderately wounded.
The gnoll hits you from afar with a +0 halberd!
* * * LOW HITPOINT WARNING * * *
You catch the helpless gnoll completely off-guard!
You puncture the gnoll!
You kill the gnoll!
The gnoll misses you. The gnoll misses you.
You hit the gnoll.
The gnoll is lightly wounded.
The gnoll hits you with a +0 halberd.
You die...

....#.###.....#
#....#######.
#..........############
..#.#.###(.)....(.# ∆
#...# ########.#######
##..# #######.##....+
...# #?..........#
#...# #.....).....#
#...# #.....g.....#
....# #######@##.##
#)...# ###### ∆


You could see a gnoll (unable to see you).

Vanquished Creatures
  Sigmund (D:2)
  Jessica (D:2)
  Robin (D:3)
  4 adders (D:2)
  3 gnolls (D:3)
  5 dart slugs
  5 endoplasms
  4 giant cockroaches
  10 goblins
  3 hobgoblins
  2 jackals (D:1)
  3 kobolds
  A quokka (D:1)
  6 ball pythons
  4 bats (D:1)
  3 frilled lizards
  5 rats
61 creatures vanquished.

Notes
Turn   | Place    | Note
-------+----------+-------------------------------------------
     0 | D:1      | Ashen the Gnoll Enchanter began the quest for the Orb.
     0 | D:1      | Reached XP level 1. HP: 13/13 MP: 6/6
    78 | D:1      | Reached XP level 2. HP: 19/19 MP: 7/7
    81 | D:1      | Learned a level 2 spell: Ensorcelled Hibernation
   269 | D:1      | Reached skill level 5 in Spellcasting
   269 | D:1      | Reached XP level 3. HP: 25/25 MP: 7/9
   367 | D:1      | Reached skill level 6 in Stealth
   466 | D:1      | Reached skill level 1 in Invocations
   718 | D:2      | Reached skill level 1 in Fighting
   718 | D:2      | Reached skill level 1 in Long Blades
   718 | D:2      | Reached skill level 1 in Axes
   718 | D:2      | Reached skill level 1 in Maces & Flails
   718 | D:2      | Reached skill level 1 in Polearms
   718 | D:2      | Reached skill level 1 in Staves
   718 | D:2      | Reached skill level 1 in Ranged Weapons
   718 | D:2      | Reached skill level 1 in Throwing
   718 | D:2      | Reached skill level 1 in Armour
   718 | D:2      | Reached skill level 1 in Shields
   718 | D:2      | Reached skill level 1 in Unarmed Combat
   718 | D:2      | Reached skill level 1 in Evocations
   722 | D:2      | Learned a level 3 spell: Confusing Touch
   726 | D:2      | Learned a level 3 spell: Tukima's Dance
   729 | D:2      | Learned a level 2 spell: Blink
   845 | D:2      | Reached skill level 1 in Shapeshifting
   845 | D:2      | Reached XP level 4. HP: 32/32 MP: 11/11
  1035 | D:2      | Reached skill level 1 in Conjurations
  1035 | D:2      | Reached skill level 1 in Summonings
  1035 | D:2      | Reached skill level 1 in Necromancy
  1035 | D:2      | Reached skill level 1 in Translocations
  1035 | D:2      | Reached skill level 1 in Fire Magic
  1035 | D:2      | Reached skill level 1 in Ice Magic
  1035 | D:2      | Reached skill level 1 in Air Magic
  1035 | D:2      | Reached skill level 1 in Earth Magic
  1035 | D:2      | Reached skill level 1 in Alchemy
  1122 | D:2      | Found a hide-covered altar of Uskayaw.
  1122 | D:2      | Noticed Sigmund
  1130 | D:2      | Killed Sigmund
  1131 | D:2      | Reached XP level 5. HP: 22/38 MP: 9/12
  1131 | D:2      | Reached XP level 6. HP: 26/44 MP: 10/14
  1136 | D:2      | Became a worshipper of Uskayaw the Reveller
  1221 | D:2      | Noticed Jessica
  1226 | D:2      | Killed Jessica
  1226 | D:2      | Reached * piety under Uskayaw
  1227 | D:2      | Reached skill level 5 in Dodging
  1325 | D:3      | Noticed Robin
  1413 | D:3      | Killed Robin
  1609 | D:3      | Found a hazy altar of Hepliaklqana.
  1705 | D:3      | HP: 1/44 [gnoll/+0 halberd (9)]
  1708 | D:3      | Slain by a gnoll

Illustrated notes

Levels and vault maps discovered:
D:1:      reono_arrival_forest_river, layout_basic
D:2:      layout_rooms, basic_altar, chequers_serial_rivers_small_a,
          uniq_sigmund, uniq_jessica
D:3:      layout_basic, nicolae_wu_jian_immortal_techniques, lemuel_round_altar,
          mainiacjoe_overflow_catwalk, zin_statuary, uniq_robin

Skill      XL: |  1  2  3  4  5  6 |
---------------+-------------------+-----
Spellcasting   | 5 |  5.4
Stealth        | 6 |  6.3
Invocations    | 1 2 |  2.3
Fighting       | 1 2 |  2.1
Long Blades    | 1 2 |  2.1
Axes           | 1 2 |  2.1
Maces & Flails | 1 2 |  2.1
Polearms       | 1 2 |  2.1
Staves         | 1 2 |  2.1
Ranged Weapons | 1 2 |  2.1
Throwing       | 1 2 |  2.1
Armour         | 1 2 |  2.1
Shields        | 1 2 |  2.1
Unarmed Combat | 1 2 |  2.1
Evocations     | 1 2 |  2.1
Shapeshifting  | 1 |  1.9
Conjurations   | 1 |  1.6
Summonings     | 1 |  1.6
Necromancy     | 1 |  1.6
Translocations | 1 |  1.6
Fire Magic     | 1 |  1.6
Ice Magic      | 1 |  1.6
Air Magic      | 1 |  1.6
Earth Magic    | 1 |  1.6
Alchemy        | 1 |  1.6
Short Blades   | 3 |  3.3
Dodging        | 5 |  5.0
Hexes          | |  5.7

Action                     |  1- 3 |  4- 6 || total
---------------------------+-------+-------++-------
  Melee: Dagger            |    84 |    14 ||    98
         Bite              |     6 |     4 ||    10
         Punch             |     2 |       ||     2
         Short sword       |       |    51 ||    51
   Cast: Ensorcelled Hiber |    12 |    22 ||    34
         Blink             |       |     1 ||     1
    Use: Potion            |       |     1 ||     1
   Stab: Sleeping          |    14 |    13 ||    27
         Distracted        |     1 |       ||     1
         Invisible         |       |     1 ||     1
 Armour: Robe              |    48 |    39 ||    87
  Dodge: Dodged            |    65 |    52 ||   117
